 Dungeon Crawl Stone Soup version 0.30.1-11-g7821555f0a (webtiles) character file.

Game seed: 14438855895163184741

58 jagang the Slasher (level 4, -4/37 HPs)
             Began as a Barachi Monk on Nov 8, 2023.
             Slain by a goblin
             ... wielding a +0 club
             ... led by Robin
              (6 damage)
             ... on level 2 of the Dungeon.
             The game lasted 00:01:43 (1148 turns).

jagang the Slasher (Barachi Monk)                   Turns: 1148, Time: 00:01:44

Health: -4/37      AC:  2    Str: 12    XL:     4   Next: 2%
Magic:  4/4        EV: 13    Int: 10    God:
Gold:   104        SH:  0    Dex: 17    Spells: 3/3 levels left

rFire   . . .        a - +0 falchion
rCold   . . .        d - orb {light}
rNeg    . . .        b - +0 robe
rPois   .            (no helmet)
rElec   .            (no cloak)
rCorr   .            (no gloves)
SInv    .            (no boots)
Will    .....        (no amulet)
Stlth   +            (no ring)
HPRegen 0.26/turn    (no ring)
MPRegen 0.09/turn

%: no passive effects
@: glowing, slow
A: amphibious, slowness 1, strong legs 1, +LOS
a: Hop


You were on level 2 of the Dungeon.
You visited 1 branch of the dungeon, and saw 2 of its levels.

You collected 104 gold pieces.

Inventory:

Hand Weapons
 a - a +0 falchion (weapon)
Missiles
 n - 2 poisoned darts (quivered)
Armour
 b - a +0 robe (worn)
 d - an orb of light (worn)
Scrolls
 e - a scroll of fog {unknown}
 f - 3 scrolls of identify {unknown}
 j - a scroll of immolation {unknown}
 k - 2 scrolls of amnesia {unknown}
 m - a scroll of blinking {unknown}
Potions
 c - a potion of ambrosia
 g - a potion of might {unknown}
 h - a potion of mutation {unknown}
 i - a potion of resistance {unknown}
 l - a potion of curing {unknown}


   Skills:
 + Level 4.1 Fighting
 * Level 4.6 Long Blades
 + Level 1.6 Armour
 + Level 3.7 Dodging


You had 3 spell levels left.
You didn't know any spells.
Your spell library was empty.

Dungeon Overview and Level Annotations

Branches:
Dungeon (2/15)

Altars:

Annotations:
D:2 Robin


Innate Abilities, Weirdness & Mutations

You are amphibious.
You cover ground slowly.
You can hop short distances.
You have an extended range of vision and can be seen from far away.


Message History

Robin throws the goblin at you! The goblin hits you with a +0 dagger.
You are too injured to fight recklessly!
You are too injured to fight recklessly!
You are too injured to fight recklessly!
Unknown command.
You hit the goblin.
You kill the goblin!
The goblin hits you with a +0 club.
* * * LOW HITPOINT WARNING * * *
Robin throws the goblin at you!
You hit the goblin but do no damage. The goblin completely misses you.
The goblin barely misses you.
Unknown command.
You hit the goblin.
You kill the goblin!
Robin throws the goblin at you!
* * * LOW HITPOINT WARNING * * *
The goblin closely misses you. x2
You have reached level 4!
You feel agile.
You hit the goblin.
You kill the goblin!
Robin throws the goblin at you! The goblin misses you.
The goblin unwields a +0 sling.
The goblin wields a +0 club.
The goblin hits you with a +0 club.
* * * LOW HITPOINT WARNING * * *
You barely miss the goblin. The goblin closely misses you. x2
You hit the goblin.
The goblin is severely wounded.
The goblin no longer looks unusually strong.
Robin roars a battlecry!
The goblin goes into a battle-frenzy!
The goblin hits you but does no damage. The goblin hits you with a +0 club.
* * * LOW HITPOINT WARNING * * *
You hit the goblin.
You kill the goblin!
The goblin closely misses you. Robin throws the goblin at you!
* * * LOW HITPOINT WARNING * * *
The goblin barely misses you. The goblin hits you with a +0 club.
You die...

## ..# .>(#
#####g...#
##.g@gg...#
######..###....#
#.........#
#.....
#.........# ###.
#.........# ##
#.........# #.
#.........# #.
#.........#
.###.
#########.# ....


You could see Robin and 3 goblins.

Vanquished Creatures
  A worm (D:2)
  5 endoplasms
  13 goblins
  5 hobgoblins
  2 kobolds
  A quokka (D:2)
  5 ball pythons
  11 bats
  5 rats
48 creatures vanquished.

Notes
Turn   | Place    | Note
-------+----------+-------------------------------------------
     0 | D:1      | jagang the Barachi Monk began the quest for the Orb.
     0 | D:1      | Reached XP level 1. HP: 18/18 MP: 1/1
    79 | D:1      | Reached XP level 2. HP: 25/25 MP: 2/2
   282 | D:1      | Reached skill level 1 in Armour
   493 | D:1      | Reached XP level 3. HP: 30/30 MP: 3/3
  1133 | D:2      | Noticed Robin
  1145 | D:2      | Reached XP level 4. HP: 8/37 MP: 4/4
  1148 | D:2      | Slain by a goblin

Illustrated notes

Levels and vault maps discovered:
D:1:      scummos_arrival_checkerplants, layout_basic
D:2:      layout_rooms, uniq_robin

Skill      XL: |  1  2  3 |
---------------+----------+-----
Long Blades    | 4 |  4.6
Armour         | 1 |  1.6
Fighting       | 4 |  4.1
Dodging        | |  3.7

Action                     |  1- 3 |  4- 6 || total
---------------------------+-------+-------++-------
  Melee: Falchion          |   105 |     4 ||   109
 Armour: Robe              |    21 |     2 ||    23
  Dodge: Dodged            |    75 |     5 ||    80
